 Dungeon Crawl Stone Soup version 0.29-a0-294-g83ea962da3 (webtiles) character file.

Game seed: 5205460656967343141

9 Leszczynek the Chopper (level 2, 21/22 HPs)
             Began as a Human Gladiator on Mar 18, 2022.
             Was a Follower of Wu Jian.
             Quit the game on level 1 of the Dungeon.
             The game lasted 00:00:58 (104 turns).

Leszczynek the Chopper (Human Gladiator)             Turns: 104, Time: 00:00:58

Health: 21/22      AC:  4    Str: 14    XL:     2   Next: 25%
Magic:  2/2        EV: 12    Int:  8    God:    Wu Jian [*.....]
Gold:   9          SH:  0    Dex: 14    Spells: 1/1 levels left

rFire   . . .      SeeInvis .   a - +0 war axe
rCold   . . .      Faith    .   (no shield)
rNeg    . . .      Spirit   .   b - +0 leather armour
rPois   .          Reflect  .   c - +0 helmet
rElec   .          Harm     .   (no cloak)
rCorr   .          Rampage  .   (no gloves)
Will    .....                   (no boots)
Stlth   +.........              (no amulet)
HPRegen 0.07/turn               (no ring)
MPRegen 0.08/turn               (no ring)

@: no status effects
A: no striking features
a: Renounce Religion


You were on level 1 of the Dungeon.
You worshipped Wu Jian.
Wu Jian was aware of your devotion.
You visited 1 branch of the dungeon, and saw 1 of its levels.

You collected 9 gold pieces.

Inventory:

Hand Weapons
 a - a +0 war axe (weapon)
Missiles
 d - 3 throwing nets (quivered)
 e - a javelin
 f - 4 boomerangs
 g - 6 poisoned darts
Armour
 b - a +0 leather armour (worn)
 c - a +0 helmet (worn)
Scrolls
 i - a scroll of identify {unknown}
 j - a scroll of blinking {unknown}
Potions
 h - a potion of curing {unknown}


   Skills:
 - Level 2.0 Fighting
 + Level 3.6 Axes
 - Level 2.0 Throwing
 - Level 3.0 Dodging


You had one spell level left.
You didn't know any spells.
Your spell library was empty.

Dungeon Overview and Level Annotations

Branches:
Dungeon (1/15)

Altars:
Wu Jian


Message History

h - a red potion
i - a scroll labelled WAKHLA GIOCLA
Found a scroll labelled CIGAIS ROLEMOR.
Unknown command.
A giant cockroach comes into view.
Found a helmet.
You see here a scroll labelled CIGAIS ROLEMOR.
Unknown command.
j - a scroll labelled CIGAIS ROLEMOR The hobgoblin shouts!
The hobgoblin completely misses the plant.
Unknown command.
Found 21 stones.
The rat twitches its whiskers.
You see here a +0 helmet.
k - a +0 helmet You hit the rat.
You kill the rat!
You drop a +0 helmet.
You slash the giant cockroach!
You kill the giant cockroach!
You see here a giant cockroach corpse.
The hobgoblin hits you.
A nearby fungus withers and dies.
The hobgoblin barely misses you.
You barely miss the hobgoblin. The hobgoblin completely misses you.
You slash the hobgoblin!
You kill the hobgoblin!
You see here a hobgoblin corpse.
Found 2 scrolls labelled WAKHLA GIOCLA.
Found a faded altar of an unknown god.
Found a green potion and a whip.
There is a faded altar of an unknown god here.
You cannot tell which god this altar belongs to.
Convert to them anyway? [Y]es or [N]o only, please.
You cannot tell which god this altar belongs to.
Convert to them anyway?
Wu Jian accepts your prayer! The Council welcomes you!
You can now perform damaging attacks by moving towards foes.
You can now lightly attack monsters by moving around them.
Okay, then.
Are you sure you want to abandon this character and quit the game? (Confirm with "yes".)

. #. ############.##
#..#.P.#.#...#...####
..#.#.#.#.#.#...##..
)P...PP.P.......... #
#.#.#P#.#.#.......
...
#...#_#.P.#.......
#..#@#.#.#.#.#.......
#!?PP............##..
#..#.#.#P#.#†#......#
#..#...#.#...#..#####
#. ############.# #
.. ..........# # ##
#.#.....## #
#.#†######## .. #[#
#.....


There were no monsters in sight!

Vanquished Creatures
  A giant cockroach (D:1)
  3 goblins (D:1)
  A hobgoblin (D:1)
  A quokka (D:1)
  A bat (D:1)
  A rat (D:1)
8 creatures vanquished.

Vanquished Creatures (others)
  2 fungi (D:1)
  2 plants (D:1)
4 creatures vanquished.

Grand Total: 12 creatures vanquished

Notes
Turn   | Place    | Note
-------+----------+-------------------------------------------
     0 | D:1      | Leszczynek the Human Gladiator began the quest for the Orb.
     0 | D:1      | Reached XP level 1. HP: 16/16 MP: 1/1
    53 | D:1      | Reached XP level 2. HP: 22/22 MP: 2/2
    94 | D:1      | Found a faded altar of an unknown god.
    98 | D:1      | Prayed at the altar of an unknown god.
    98 | D:1      | Became a worshipper of the Wu Jian Council
    98 | D:1      | Reached * piety under Wu Jian
   104 | D:1      | Quit the game

Illustrated notes

Levels and vault maps discovered:
D:1:      lightli_arrival_noodles, layout_loops_cross,
          shapermc_ecumenical_altar_mp_urbaneastern

Action                   || total
-------------------------++-------
Melee: War axe           ||    20
Armor: Leather armour    ||     6
Dodge: Dodged            ||    12

Table legend: (Time is in decaauts)
 A = Elapsed time spent in this place.
 B = Non-inter-level travel time spent in this place.
 C = Inter-level travel time spent in this place.
 D = Time resting spent in this place.
 E = Time spent auto-exploring this place.
 F = Levels seen in this place.
 G = Mean time per level.
                   A        B        C        D        E       F      G
               +--------+--------+--------+--------+--------+-----+--------+
         Total |    110 |    110 |      0 |      0 |      0 |   1 |  110.0 |
       Dungeon |    110 |    110 |      0 |      0 |      0 |   1 |  110.0 |
               +--------+--------+--------+--------+--------+-----+--------+

Top non-repeatable levels by time:
     D:1: 110 daAuts
